 Dungeon Crawl Stone Soup version 0.31-a0-229-g1fc7ce93e2 (webtiles) character file.

Game seed: 17803042023785512794

92 qw the Shooter (level 4, -2/36 HPs)
             Began as a Minotaur Hexslinger on July 6, 2023.
             Succumbed to a scorpion's poison
             ... on level 4 of the Dungeon.
             The game lasted 00:00:45 (2765 turns).

qw the Shooter (Minotaur Hexslinger)                Turns: 2765, Time: 00:00:45

Health: -2/36      AC:  3    Str: 12    XL:     4   Next: 35%
Magic:  4/4        EV: 12    Int: 10    God:
Gold:   163        SH:  0    Dex: 15    Spells: 4/5 levels left

rFire   . . .        Y - +1 sling
rCold   . . .        (no shield)
rNeg    . . .        a - +0 leather armour
rPois   .            (helmet restricted)
rElec   .            (no cloak)
rCorr   .            (no gloves)
SInv    .            (no boots)
Will    .....        d - amulet of regeneration
Stlth   +            (no ring)
HPRegen 1.06/turn    (no ring)
MPRegen 0.09/turn

%: no passive effects
@: lethally poisoned (-2 -> -11)
A: horns 2, retaliatory headbutt
a: no special abilities


You were on level 4 of the Dungeon.
You visited 1 branch of the dungeon, and saw 4 of its levels.

You collected 163 gold pieces.


Innate Abilities, Weirdness & Mutations

You have a pair of horns on your head.
You reflexively headbutt those who attack you in melee.


   Skills:
 - Level 2.0 Fighting
 + Level 4.9 Ranged Weapons
 - Level 2.1 Dodging
 - Level 1.0 Spellcasting
 - Level 2.0 Hexes


You had 4 spell levels left.
You knew the following spells:

 Your Spells              Type           Power      Damage    Failure   Level
a - Slow                  Hex            16%        N/A       19%         1

Your spell library contained the following spells:

 Spells                   Type           Power      Damage    Failure   Level
 Inner Flame              Hex/Fire       2%         N/A       65%         3
 Portal Projectile        Hex/Tloc       4%         N/A       65%         3
 Cause Fear               Hex            2%         N/A       88%         4

Inventory:

Hand Weapons
 Y - a +1 sling (weapon)
Armour
 a - a +0 leather armour (worn)
 h - a +0 ring mail
Jewellery
 d - an amulet of regeneration (around neck)
 g - a ring of ice
Scrolls
 k - a scroll of enchant weapon {unknown}
 l - a scroll of enchant armour {unknown}
Potions
 b - a potion of haste {unknown}
 c - a potion of curing {unknown}
 e - a potion of berserk rage {unknown}
 f - a potion of mutation {unknown}
 i - a potion of ambrosia {unknown}
 j - a potion of cancellation
 m - a potion of might {unknown}

Dungeon Overview and Level Annotations

Branches:
Dungeon (4/15)
 Temple: D:4-7

Altars:

Annotations:
D:3 1 runed translucent door, Crazy Yiuf
D:4 2 runed translucent doors, qw's ghost, amateur DEHu


Message History

The scorpion stings you but does no damage.
You shoot a sling bullet. The sling bullet hits the scorpion.
The scorpion is lightly wounded.
The scorpion barely misses you.
You shoot a sling bullet.
The sling bullet hits the scorpion but does no damage.
The scorpion is lightly wounded.
The scorpion stings you! The scorpion stings you.
You shoot a sling bullet.
The sling bullet barely misses the scorpion.
The scorpion stings you but does no damage.
You shoot a sling bullet.
The sling bullet barely misses the scorpion.
The scorpion stings you but does no damage. x2
You shoot a sling bullet. The sling bullet hits the scorpion.
The scorpion is moderately wounded.
The scorpion stings you.
You shoot a sling bullet. The sling bullet hits the scorpion.
The scorpion is severely wounded.
The scorpion closely misses you.
You shoot a sling bullet. The sling bullet hits the scorpion.
The scorpion is severely wounded.
The scorpion stings you.
You are poisoned.
The scorpion poisons you! The scorpion stings you.
You shoot a sling bullet.
The sling bullet closely misses the scorpion.
You feel very sick. The scorpion stings you.
You shoot a sling bullet.
The sling bullet hits the scorpion but does no damage.
The scorpion is severely wounded.
You feel very sick. The scorpion stings you.
You are lethally poisoned!
The scorpion poisons you! The scorpion stings you.
You shoot a sling bullet.
The sling bullet hits the scorpion but does no damage.
The scorpion is severely wounded.
You die...

##.## ##.##.# #..#
#..#... ##.##
#.##.## #...#+#
..#..##
###...####.##..#.
#.###...#..#..)#.
##...###...##...#.
#..#...###.#......
##@####...#'##..###
#..s..###...##.....
.
##.##....##.###....)
... #..# ....#..#
##.... #...##.##
..##.## #....
#.'...###..#..#
#.###
#####...####.##
#.##.
###...#..######.##.
###...##.........


You could see a scorpion.

Vanquished Creatures
  2 adders
  An ufetubus (D:4)
  2 dart slugs (D:2)
  4 orcs
  4 ball pythons
  4 bats (D:1)
  8 endoplasms
  6 goblins
  5 hobgoblins
  4 jackals (D:1)
  6 kobolds
  2 quokkas
  5 frilled lizards
  2 rats
55 creatures vanquished.

Notes
Turn   | Place    | Note
-------+----------+-------------------------------------------
     0 | D:1      | qw the Minotaur Hexslinger began the quest for the Orb.
     0 | D:1      | Reached XP level 1. HP: 16/16 MP: 1/1
     0 | D:1      | 0 ||| qw: Version: 0.3-a-46-gb1f654a
     0 | D:1      | 0 ||| qw: Game counter: 1121
     0 | D:1      | 0 ||| qw: Melee chars always use a shield: true
     0 | D:1      | 0 ||| qw: God list: Okawaru
     0 | D:1      | 0 ||| qw: Allow faded altars: false
     0 | D:1      | 0 ||| qw: Do Orc after clearing Dungeon:15 true
     0 | D:1      | 0 ||| qw: Do second Lair branch before Depths: true
     0 | D:1      | 0 ||| qw: Lair rune preference: random
     0 | D:1      | 0 ||| qw: Goals: Normal
     0 | D:1      | 0 ||| PLANNING D:1-11
   182 | D:1      | Reached skill level 3 in Ranged Weapons
   184 | D:1      | Reached XP level 2. HP: 19/23 MP: 2/2
   638 | D:1      | Reached XP level 3. HP: 29/29 MP: 3/3
   775 | D:1      | 775 ||| UPGRADING to amulet of regeneration.
   780 | D:1      | 780 ||| READING scroll labelled YSYALUNN BAOG.
   781 | D:1      | 781 ||| READING 2 scrolls labelled NOGUSM IMPU.
   782 | D:1      | 782 ||| DROPPING scroll of poison.
   783 | D:1      | 783 ||| DROPPING scroll of amnesia.
   964 | D:2      | 964 ||| FLEEEEING.
   969 | D:2      | Reached skill level 4 in Ranged Weapons
  1086 | D:2      | Found a faded altar of an unknown god.
  1375 | D:2      | 1375 ||| UPGRADING to +0 leather armour.
  1385 | D:2      | 1385 ||| DROPPING +0 robe.
  1386 | D:2      | 1386 ||| READING scroll labelled VEYRGH KIPNULU.
  1531 | D:3      | Reached XP level 4. HP: 36/36 MP: 4/4
  1798 | D:3      | Found a runed translucent door.
  1799 | D:3      | Noticed Crazy Yiuf
  1996 | D:3      | Identified the +1 robe "Ymel" {+Blink}
  2534 | D:3      | 2534 ||| DROPPING +1 robe "Ymel" {+Blink}.
  2535 | D:3      | 2535 ||| READING scroll labelled IRUACVEFUWN.
  2536 | D:3      | 2536 ||| DRINKING 2 bubbling grey potions.
  2537 | D:3      | 2537 ||| DRINKING 2 bubbling yellow potions.
  2538 | D:3      | 2538 ||| DROPPING potion of attraction.
  2603 | D:4      | Found a runed translucent door.
  2620 | D:4      | Found a runed translucent door.
  2621 | D:4      | Noticed qw's ghost (amateur DEHu)
  2621 | D:4      | Noticed a bullfrog
  2745 | D:4      | Noticed a scorpion
  2764 | D:4      | HP: 7/36 [scorpion (6)]
  2764 | D:4      | HP: 2/36 [scorpion (5)]
  2765 | D:4      | Succumbed to a scorpion's poison

Levels and vault maps discovered:
D:1:      amcnicky_arrival_choice, layout_basic
D:2:      layout_loops_ring, dreamdust_ecumenical_altar_statues
D:3:      layout_loops_corners, minmay_misc_feat_hallway, grunt_ministairs_4,
          uniq_crazy_yiuf_cottage
D:4:      minmay_skewed_foursquare, layout_basic, minmay_temple_entry_glass,
          ebering_ghost_sewer_f, uniq_blork_the_orc, uniq_grinder

Skill      XL: |  1  2  3 |
---------------+----------+-----
Ranged Weapons | 3 4 |  4.9
Fighting       | 2 |  2.0
Dodging        | |  2.1
Spellcasting   | |  1.0
Hexes          | |  2.0

Action                     |  1- 3 |  4- 6 || total
---------------------------+-------+-------++-------
   Fire: Sling             |    98 |    57 ||   155
    Use: Scroll            |     3 |     1 ||     4
         Potion            |       |     2 ||     2
 Armour: Robe              |     3 |       ||     3
         Leather armour    |       |     6 ||     6
  Dodge: Dodged            |    15 |    23 ||    38

Table legend:
 A = Non-vault XP
 B = Vault XP
 C = Vault XP percentage of total XP
 D = Non-vault monster count
 E = Vault monster count
 F = Vault count percentage of total count
                 A         B        C        D         E       F
            +---------+---------+-------+---------+---------+-------
      Total |     127 |       5 |   3.8 |      52 |       3 |   5.5
            +---------+---------+-------+---------+---------+-------
        D:1 |      45 |       0 |   0.0 |      26 |       0 |   0.0
        D:2 |      33 |       0 |   0.0 |      10 |       0 |   0.0
        D:3 |      35 |       3 |   7.9 |      12 |       2 |  14.3
        D:4 |      14 |       2 |  12.5 |       4 |       1 |  20.0
            +---------+---------+-------+---------+---------+-------
